 Dungeon Crawl Stone Soup version 0.25-a0-566-g062765be81 (webtiles) character file.

Game seed: 5132705290958741404, levelgen mode: deterministic

14 kae the Sneak (level 2, 0/15 HPs)
             Began as a Kobold Enchanter on Feb 27, 2020.
             Slain by a hobgoblin (2 damage)
             ... on level 1 of the Dungeon.
             The game lasted 00:00:38 (686 turns).

kae the Sneak (Kobold Enchanter)                     Turns: 686, Time: 00:00:38

Health: 0/15       AC:  2    Str:  5    XL:     2   Next: 60%
Magic:  3/5        EV: 15    Int: 16    God:
Gold:   19         SH:  0    Dex: 15    Spells: 2/5 levels left

rFire    . . .     SeeInvis .   a - +1 dagger
rCold    . . .     Gourm    .   (shield restricted)
rNeg     . . .     Faith    .   b - +0 robe
rPois    .         Spirit   .   (no helmet)
rElec    .         Reflect  .   (no cloak)
rCorr    .         Harm     .   (no gloves)
MR       .....                  (no boots)
Stlth    +++.......             (no amulet)
HPRegen  0.05/turn              (no ring)
MPRegen  0.09/turn              (no ring)

@: no status effects
A: small, carnivore
a: no special abilities


You were on level 1 of the Dungeon.
You were not hungry.

You visited 1 branch of the dungeon, and saw 1 of its levels.

You collected 19 gold pieces.

Inventory:

Hand Weapons
 a - a +1 dagger (weapon)
Armour
 b - a +0 robe (worn)
Scrolls
 c - a scroll of amnesia {unknown}
 g - a scroll of teleportation {unknown}
Potions
 e - a potion of degeneration {unknown}
 f - a potion of flight {unknown}
Comestibles
 d - 2 rations


   Skills:
 * Level 2.3 Short Blades
 - Level 2.4 Dodging
 + Level 4.2 Stealth
 + Level 2.4 Spellcasting
 + Level 3.1 Hexes


You had 2 spell levels left.
You knew the following spells:

 Your Spells              Type           Power        Failure   Level  Hunger
a - Corona                Hex            ##.....      5%          1    #......
b - Ensorcelled Hibernat  Hex/Ice        #.....       16%         2    ###....

Your spell library contained the following spells:

 Spells                   Type           Power        Failure   Level  Hunger
 Confusing Touch          Hex            ##......     16%         3    ###....
 Tukima's Dance           Hex            ##......     16%         3    ###....
 Dazzling Flash           Conj/Hex       #.....       30%         3    ###....


Dungeon Overview and Level Annotations

Branches:
Dungeon (1/15)

Altars:


Innate Abilities, Weirdness & Mutations

You are small and have problems with some larger weapons.
You are carnivorous and can eat meat at any time.


Message History

The hobgoblin resists with significant effort.
The hobgoblin hits you.
Casting: Ensorcelled Hibernation (safe; 16% risk of failure)
Confirm with . or Enter, or press ? or * to list all spells.
You don't have enough magic to cast that spell.
Casting: Ensorcelled Hibernation (safe; 16% risk of failure)
Confirm with . or Enter, or press ? or * to list all spells.
You don't have enough magic to cast that spell.
You closely miss the hobgoblin. The hobgoblin hits you.
* * * LOW HITPOINT WARNING * * *
Casting: Ensorcelled Hibernation (safe; 16% risk of failure)
Confirm with . or Enter, or press ? or * to list all spells.
Aiming: Ensorcelled Hibernation (safe; 16% risk of failure)
Press: ? - help, Shift-Dir - straight line, f/p - hobgoblin
Aim: a hobgoblin (chance to defeat MR: 55%)
The hobgoblin resists with significant effort.
The hobgoblin hits you.
* * * LOW HITPOINT WARNING * * *
The hobgoblin hits you.
You die...

### #.# #.. #.# #.#
#.# #####.# ####.##
#...#.######......
#.................
#...#.#.##.....?..
#.g....รท..........
###@#..........(....
#...#...##..........
#.#####.##.....(...#
#...#...###.....####
###.#..........##
#.....)..###.#
##.##.#.......
#.##.######.##
#..#(# #.#


You could see a hobgoblin.

Vanquished Creatures
  A dart slug (D:1)
  4 goblins (D:1)
  3 kobolds (D:1)
  A bat (D:1)
  A frilled lizard (D:1)
  3 rats (D:1)
13 creatures vanquished.

Notes
Turn   | Place    | Note
-------+----------+-------------------------------------------
     0 | D:1      | kae the Kobold Enchanter began the quest for the Orb.
     0 | D:1      | Reached XP level 1. HP: 10/10 MP: 3/3
   278 | D:1      | Reached XP level 2. HP: 15/15 MP: 5/5
   553 | D:1      | Learned a level 2 spell: Ensorcelled Hibernation
   686 | D:1      | Slain by a hobgoblin

Levels and vault maps discovered:
D:1:      ebering_trefoil_twist, layout_loops_ring, hangedman_feature_mirror,
          minmay_lizard_pond

Skill      XL: |  1 |
---------------+----+-----
Short Blades   | 2 |  2.3
Dodging        | |  2.4
Stealth        | |  4.2
Spellcasting   | |  2.4
Hexes          | |  3.1

Action                   || total
-------------------------++-------
Melee: Dagger            ||    31
 Cast: Corona            ||     6
       Ensorcelled Hiber ||     4
 Stab: Sleeping          ||     4
  Eat: Chunk             ||     2
Armor: Robe              ||     1
Dodge: Dodged            ||    24

Table legend:
 A = Non-vault XP
 B = Vault XP
 C = Vault XP percentage of total XP
 D = Non-vault monster count
 E = Vault monster count
 F = Vault count percentage of total count
                 A         B        C        D         E       F
            +---------+---------+-------+---------+---------+-------
      Total |      20 |       1 |   4.8 |      12 |       1 |   7.7
            +---------+---------+-------+---------+---------+-------
        D:1 |      20 |       1 |   4.8 |      12 |       1 |   7.7
            +---------+---------+-------+---------+---------+-------
